AoeStats
← 联通专业户

Arabia

510287118Analyzed
1v1 RM · 2d ago on Sep 30, 2026· 46m 30s· 2 players
Game mode
Random Map
Map size
Tiny (2 player)
Population
200
Speed
Normal
Resources
Standard
Victory
Conquest
Starting age
Dark Age
Ending age
Imperial Age
RankedLock teamsTeams togetherTeam positionsShared explorationLock speedFull tech treeHidden civsTurbo modeCheats
Victory
Defeat
🇨🇳 Chinese · China
1159
+14
🇬🇧 Britons · United Kingdom
1114
-14
Fury
4:30 Loom
9:45 Feudal Age
10:33 Double-Bit Axe
10:52 Horse Collar
11:55 Fletching
12:29 Padded Archer Armor
13:27 Wheelbarrow
22:33 Castle Age
21:34 Gold Mining
23:02 Crossbowman
23:38 Bodkin Arrow
23:58 Leather Archer Armor
24:16 Bow Saw
26:23 Heavy Plow
35:31 Imperial Age
35:48 Hand Cart
38:04 Bracer
38:35 Ring Archer Armor
39:20 Two-Man Saw
38:51 Arbalester
40:05 Onager
41:58 Capped Ram
45:29 Ballistics
46:10 Chemistry
联通专业户
0:27 Loom
9:23 Feudal Age
14:08 Double-Bit Axe
16:32 Castle Age
15:29 Double-Bit Axe
15:32 Horse Collar
16:35 Fletching
18:08 Wheelbarrow
19:06 Bodkin Arrow
19:59 Bow Saw
23:36 Elite Skirmisher
25:36 Hand Cart
26:22 Padded Archer Armor
26:50 Gold Mining
26:52 Stone Mining
32:06 Imperial Age
30:02 Thumb Ring
35:16 Conscription
35:10 Bloodlines
35:00 Husbandry
37:58 Ballistics
37:46 Bracer
38:50 Leather Archer Armor
38:35 Scale Mail Armor
41:16 Ring Archer Armor
41:02 Chain Mail Armor
42:39 Two-Man Saw
42:35 Heavy Plow
43:35 Elite Chu Ko Nu
44:27 Forging
44:23 Scale Barding Armor
45:40 Gold Shaft Mining
Connection lost

Rejoining the realm…

Still unreachable

The connection could not be restored.

Session expired

The server has moved on; the page needs a fresh start.